AoeStats
← *MJT-Iwnl*

Arena

508900196Analyzed
1v1 RM · 8d ago on Sep 24, 2026· 49m 42s· 2 players
Game mode
Random Map
Map size
Tiny (2 player)
Population
200
Speed
Normal
Resources
Standard
Victory
Conquest
Starting age
Dark Age
Ending age
Imperial Age
RankedLock teamsTeams togetherTeam positionsShared explorationLock speedFull tech treeHidden civsTurbo modeCheats
Victory
Defeat
🇩🇪 Khmer · Germany
920
+15
🇺🇦 Lithuanians · Ukraine
890
-15
Soare
11:15 Feudal Age
15:49 Castle Age
15:00 Double-Bit Axe
15:02 Horse Collar
20:22 Bow Saw
21:25 Loom
22:05 Heavy Plow
24:00 Wheelbarrow
30:57 Imperial Age
29:07 Gold Mining
29:10 Stone Mining
30:16 Padded Archer Armor
30:07 Fletching
30:15 Murder Holes
32:58 Ballistics
33:38 Chemistry
33:24 Stone Shaft Mining
34:03 Leather Archer Armor
34:23 Hand Cart
34:31 Elite Skirmisher
37:43 Two-Man Saw
37:15 Crop Rotation
37:41 Bodkin Arrow
37:57 Forging
37:53 Scale Barding Armor
39:28 Bracer
42:38 Light Cavalry
43:28 Bloodlines
43:19 Husbandry
43:59 Iron Casting
43:44 Chain Barding Armor
43:55 Ring Archer Armor
45:45 Scale Mail Armor
46:21 Plate Barding Armor
46:20 Pikeman
47:00 Squires
48:53 Chain Mail Armor
*MJT-Iwnl*
6:33 Loom
10:18 Feudal Age
14:00 Castle Age
12:39 Double-Bit Axe
12:49 Horse Collar
15:55 Bow Saw
18:10 Fervor
25:39 Wheelbarrow
24:50 Town Watch
25:07 Heavy Plow
25:07 Arson
26:53 Hand Cart
26:40 Stone Mining
26:42 Gold Mining
31:46 Imperial Age
29:34 Town Patrol
29:58 Bloodlines
29:50 Husbandry
29:45 Pikeman
31:09 Ballistics
30:45 Murder Holes
31:32 Stone Shaft Mining
32:02 Forging
31:53 Scale Mail Armor
31:58 Scale Barding Armor
33:39 Chemistry
33:36 Iron Casting
32:56 Halberdier
33:49 Light Cavalry
34:54 Heavy Scorpion
36:29 Double Crossbow
37:05 Hoardings
37:31 Gold Shaft Mining
37:10 Sappers
38:01 Conscription
38:11 Chain Barding Armor
44:54 Blast Furnace
44:09 Chain Mail Armor
46:59 Hussar
48:57 Plate Barding Armor
Connection lost

Rejoining the realm…

Still unreachable

The connection could not be restored.

Session expired

The server has moved on; the page needs a fresh start.